 Dungeon Crawl Stone Soup version 0.23.2 (webtiles) character file.

Game seed: 13412229027086697804

36046 q3l0 the Severer (level 13, 0/178 HPs)
             Began as a Minotaur Berserker on Apr 4, 2019.
             Was a High Priest of Trog.
             Slain by a death yak (11 damage)
             ... summoned by a boggart
             ... on level 6 of the Lair of Beasts.
             The game lasted 00:29:49 (14467 turns).

q3l0 the Severer (Minotaur Berserker)              Turns: 14467, Time: 00:29:50

Health: 0/178      AC: 23    Str: 34    XL:     13   Next: 50%
Magic:  0/12       EV: 14    Int: 12    God:    Trog [*****.]
Gold:   473        SH:  0    Dex: 10    Spells: 12/12 levels left

rFire    + + .     SeeInvis .   E - +10 dark maul {crush}
rCold    . . .     Gourm    .   (shield currently unavailable)
rNeg     . . .     Faith    .   N - +0 chain mail of the Pit {rCorr Str+2 Stlth-} (curse)
rPois    .         Spirit   +   G - +1 hat
rElec    +         Reflect  .   f - +0 cloak
rCorr    +         Harm     .   H - +4 pair of gloves of Finaqip {rElec Slay+2}
MR       .....                  (no boots)
Stlth    ..........             p - amulet "Puckapao" {Spirit +Fly rF++ Int+8 Stlth-}
HPRegen  0.39/turn              u - +3 ring of protection
MPRegen  0.13/turn              (no ring)

@: berserking (expiring), very quick
A: retaliatory headbutt, horns 2
a: Berserk, Trog's Hand, Brothers in Arms, Renounce Religion, Evoke Flight


You were on level 6 of the Lair of Beasts.
You worshipped Trog.
Trog was extremely pleased with you.
You were very hungry.

You visited 2 branches of the dungeon, and saw 17 of its levels.

You collected 1097 gold pieces.
You spent 624 gold pieces at shops.

Inventory:

Hand Weapons
 e - a +1 antimagic war axe
 y - a +3 hand axe
 E - the +10 dark maul (weapon) {crush}
   (You found it on level 11 of the Dungeon)

   It inflicts extra damage upon your enemies.
Missiles
 A - 7 tomahawks of dispersal (quivered)
Armour
 f - a +0 cloak (worn)
 F - a +0 chain mail
 G - a +1 hat (worn)
 H - the +4 pair of gloves of Finaqip (worn) {rElec Slay+2}
   (You acquired it on level 9 of the Dungeon)

   It affects your accuracy and damage with ranged weapons and melee attacks
   (+2).
   It insulates you from electricity.
 M - a +0 scale mail of magic resistance
 N - the cursed +0 chain mail of the Pit (worn) {rCorr Str+2 Stlth-}
   (You found it on level 2 of the Lair of Beasts)

   It affects your strength (+2).
   It provides partial protection from all sources of acid and corrosion.
   It makes you less stealthy.
   It has a curse placed upon it.
Jewellery
 p - the amulet "Puckapao" (around neck) {Spirit +Fly rF++ Int+8 Stlth-}
   (You found it on level 5 of the Dungeon)

   [amulet of guardian spirit]

   It causes incoming damage to be split between your health and magic.
   It affects your intelligence (+8).
   It greatly protects you from fire.
   It lets you fly.
   It makes you less stealthy.
 u - a +3 ring of protection (left hand)
 B - an uncursed amulet of guardian spirit
Wands
 i - a wand of acid (12)
 v - a wand of random effects (27)
 w - a wand of paralysis (12)
 z - a wand of digging (4)
 I - a wand of flame (23)
 P - a wand of disintegration (15)
Scrolls
 b - a scroll of fog {unknown}
 d - 5 scrolls of teleportation
 g - a scroll of vulnerability {unknown}
 k - 3 scrolls of enchant weapon {unknown}
 m - 3 scrolls of enchant armour
 q - 4 scrolls of fear {unknown}
 C - 4 scrolls of remove curse
 D - a scroll of summoning {unknown}
 J - 2 scrolls of random uselessness {unknown}
 L - a scroll of blinking {unknown}
 O - a scroll of holy word {unknown}
 Q - 2 scrolls of noise {unknown}
Potions
 a - a potion of mutation
 h - 4 potions of resistance
 j - 2 potions of cancellation
 l - 3 potions of haste
 n - 2 potions of berserk rage
 o - 2 potions of magic
 r - a potion of brilliance
 s - a potion of flight {unknown}
 t - 2 potions of ambrosia {unknown}
 x - a potion of degeneration
 K - 2 potions of heal wounds
Comestibles
 c - 30 rations
 R - a chunk of flesh


   Skills:
 + Level 12.8 Fighting
 * Level 16.9 Axes
 + Level 12.6 Armour
 + Level 11.6 Dodging


You had 12 spell levels left.
You didn't know any spells.
Your spell library was empty.

Dungeon Overview and Level Annotations

Branches:
Dungeon (11/15)            Temple (0/1) D:6            Lair (6/6) D:11
  Slime (0/5) Lair:6
  Swamp: Lair:2-4    Shoals: Lair:2-4     Snake: Lair:2-4    Spider: Lair:2-4
    Orc: D:9-12

Altars:
Dithmenos
Fedhas
Gozag
Kikubaaqudgha
Makhleb
Okawaru
Qazlal
Ru
Xom
Yredelemnul
The Shining One
Jiyva

Shops:
D:5 [   D:9 ?   D:10 ?

Portals:
Trove: D:10 (give chain mail "Errifu")

Annotations:
Lair:1 exclusion: oklob plant
Lair:2 2 transporters
Lair:4 exclusion: oklob plant


Innate Abilities, Weirdness & Mutations

You reflexively headbutt those who attack you in melee.
You have a pair of horns on your head.


Message History

The death yak gores you!
* * * LOW HITPOINT WARNING * * *
The death yak gores you but does no damage.
You barely miss the death yak.
The death yak is heavily wounded.
The komodo dragon completely misses you.
You furiously retaliate!
You headbutt the komodo dragon!
The death yak gores you but does no damage.
The death yak gores you.
* * * LOW HITPOINT WARNING * * *
The death yak gores you!
* * * LOW HITPOINT WARNING * * *
The death yak gores you.
* * * LOW HITPOINT WARNING * * *
The wolf stops to sniff the ground.
The komodo dragon bites you.
* * * LOW HITPOINT WARNING * * *
The death yak gores you but does no damage.
The death yak gores you!
You die...

..................♣♣♣
.. ♣♣#.....####.P♣♣♣♣
.#.....###..♣♣
♣....†...♣♣♣♣
♣♣♣...P..♣ ♣.♣.♣♣.♣♣♣
♣♣♣♣ ♣...♣♣♣♣ ♣♣♣♣.
♣♣♣♣.YY♣......
♣♣♣@Y{...♣ ♣lY.♣♣♣.♣
hF.♣♣ ♣.♣♣♣ .. .♣♣ ♣


You could see 4 death yaks, a komodo dragon, a spiny frog and a wolf.

Vanquished Creatures
  Gastronok (D:10)
  4 hydras
  A centaur warrior (D:11)
  2 two-headed ogres
  9 death yaks
  Nergalle (D:10)
  An unseen horror (D:11)
  A lindwurm (Lair:6)
  Pikel (D:4)
  A centaur zombie (D:9)
  4 elephants (Lair:5)
  3 black mambas
  2 spiny frogs
  5 komodo dragons
  A meliai (D:11)
  A queen bee (Lair:1)
  15 blink frogs
  A dream sheep (Lair:6)
  8 hippogriffs
  A shadow (D:11)
  Sigmund (D:4)
  5 wyverns
  2 fire bats (Lair:6)
  A spriggan (D:7)
  7 yaks
  Eustachio (D:6)
  2 basilisks
  12 water moccasins
  8 porcupines
  An ice beast (D:10)
  5 sky beasts
  2 orc warriors
  2 black bears
  10 ogres
  14 wolves
  A boggart (Lair:6)
  A necrophage (D:8)
  2 centaurs
  9 crocodiles
  Blork the orc (D:4)
  13 bullfrogs
  A gnoll sergeant (D:11)
  A howler monkey (D:11)
  33 killer bees
  9 wights
  3 crimson imps
  A quasit (D:11)
  7 hounds
  5 orc wizards
  4 bullfrog skeletons
  A gnoll shaman (D:8)
  3 jellies
  2 orc priests (D:11)
  Crazy Yiuf (D:2)
  An iguana (D:10)
  8 worker ants
  A worker ant zombie (D:5)
  8 gnolls
  13 adders
  2 shadow imps
  5 worms
  A dart slug (D:2)
  5 leopard geckos
  25 orcs
  2 ball pythons (D:4)
  2 giant cockroaches
  4 goblins
  5 hobgoblins (D:2)
  8 jackals
  6 kobolds
  5 quokkas
  2 bats
  5 frilled lizards
  A jackal skeleton (D:4)
  2 rats
  A plant (D:11)
346 creatures vanquished.

Vanquished Creatures (others)
  A human (D:2)
  A hound (D:4)
  A frilled lizard (D:4)
  50 fungi
  24 plants
77 creatures vanquished.

Grand Total: 423 creatures vanquished

Notes
Turn   | Place    | Note
-------+----------+-------------------------------------------
     0 | D:1      | q3l0 the Minotaur Berserker began the quest for the Orb.
     0 | D:1      | Reached XP level 1. HP: 19/19 MP: 0/0
    54 | D:2      | Reached skill level 4 in Axes
    54 | D:2      | Reached XP level 2. HP: 16/27 MP: 1/1
   347 | D:2      | Reached XP level 3. HP: 30/33 MP: 2/2
   401 | D:2      | Found a shimmering altar of Xom.
   503 | D:2      | Found an ancient bone altar of Kikubaaqudgha.
   505 | D:2      | Noticed a human
   505 | D:2      | Killed a human
   914 | D:2      | Found a runed translucent door.
   915 | D:2      | Noticed Crazy Yiuf
  1102 | D:2      | Killed Crazy Yiuf
  1102 | D:2      | Reached XP level 4. HP: 33/40 MP: 0/3
  1157 | D:3      | Reached ** piety under Trog
  1429 | D:3      | Reached skill level 5 in Axes
  2022 | D:4      | Noticed Sigmund
  2025 | D:4      | Found a stormy altar of Qazlal.
  2029 | D:4      | Killed Sigmund
  2029 | D:4      | Reached XP level 5. HP: 47/47 MP: 4/4
  2029 | D:4      | Reached XP level 6. HP: 55/55 MP: 5/5
  2178 | D:4      | Reached skill level 6 in Axes
  2210 | D:4      | Reached skill level 5 in Fighting
  2460 | D:4      | Noticed a slave
  2461 | D:4      | Noticed a slave
  2462 | D:4      | Noticed Pikel
  2463 | D:4      | Noticed a slave
  2463 | D:4      | Noticed a slave
  2471 | D:4      | Killed Pikel
  2471 | D:4      | Reached skill level 7 in Axes
  2471 | D:4      | Reached skill level 5 in Armour
  2471 | D:4      | Reached XP level 7. HP: 62/62 MP: 6/6
  2608 | D:4      | Reached XP level 8. HP: 48/70 MP: 7/7
  2732 | D:4      | Reached skill level 8 in Axes
  2732 | D:4      | Reached skill level 5 in Dodging
  2933 | D:4      | Noticed Blork the orc
  2939 | D:4      | Killed Blork the orc
  3346 | D:5      | Entered Level 5 of the Dungeon
  3435 | D:5      | Found Jaomoegi's Armour Boutique.
  3459 | D:5      | Found a basalt altar of Yredelemnul.
  4004 | D:5      | Reached *** piety under Trog
  4475 | D:5      | Reached skill level 9 in Axes
  4665 | D:5      | Got a shimmering lead amulet
  4819 | D:6      | Noticed Eustachio
  4830 | D:6      | Killed Eustachio
  4830 | D:6      | Reached XP level 9. HP: 79/79 MP: 8/8
  4943 | D:6      | Found a staircase to the Ecumenical Temple.
  5066 | D:6      | Found a shadowy altar of Dithmenos.
  5489 | D:6      | Found an iron altar of Okawaru.
  5694 | D:7      | Reached skill level 10 in Axes
  5949 | D:7      | Found an opulent altar of Gozag.
  6687 | D:8      | Noticed a two-headed ogre
  6694 | D:8      | Killed a two-headed ogre
  6694 | D:8      | Reached skill level 11 in Axes
  7047 | D:8      | Identified the cursed +2 war axe "Jath" {flame, Int-4 Dex+6
                  | Stlth+}
  7053 | D:8      | Paralysed by an orc warrior for 2 turns
  7057 | D:8      | Reached XP level 10. HP: 90/90 MP: 9/9
  7070 | D:8      | Reached **** piety under Trog
  7680 | D:9      | Found Unnol's Magic Scroll Boutique.
  7923 | D:9      | Found a sacrificial altar of Ru.
  7924 | D:9      | Found a burning altar of Makhleb.
  8064 | D:9      | Found a glowing golden altar of the Shining One.
  8185 | D:10     | Entered Level 10 of the Dungeon
  8350 | D:10     | Noticed Gastronok
  8362 | D:10     | Killed Gastronok
  8362 | D:10     | Reached skill level 12 in Axes
  8393 | D:10     | Found a portal to a secret trove of treasure.
  8419 | D:10     | Noticed Nergalle
  8434 | D:10     | Killed Nergalle
  8439 | D:10     | Found Lipti's Magic Scroll Shoppe.
  8553 | D:9      | Bought a scroll of acquirement for 624 gold pieces
  8554 | D:9      | Got a pair of blackened gloves
  8565 | D:9      | Identified the +4 pair of gloves of Finaqip {rElec Slay+2}
                  | (You acquired it on level 9 of the Dungeon)
  8610 | D:10     | Identified the amulet "Puckapao" {Spirit +Fly rF++ Int+8
                  | Stlth-} (You found it on level 5 of the Dungeon)
  8991 | D:10     | Reached XP level 11. HP: 99/99 MP: 10/10
  9199 | D:11     | Noticed a two-headed ogre
  9202 | D:11     | Found a blossoming altar of Fedhas.
  9210 | D:11     | Killed a two-headed ogre
  9210 | D:11     | Reached skill level 10 in Fighting
  9210 | D:11     | Reached skill level 13 in Axes
  9451 | D:11     | Killed an unseen horror
  9632 | D:11     | Reached skill level 10 in Armour
  9637 | D:11     | Reached ***** piety under Trog
  9722 | D:11     | Noticed a centaur warrior
  9733 | D:11     | Killed a centaur warrior
  9760 | D:11     | Found the +10 dark maul {crush}
  9947 | D:11     | Found a staircase to the Lair.
  9971 | Lair:1   | Entered Level 1 of the Lair of Beasts
 10054 | Lair:1   | Reached skill level 14 in Axes
 10273 | Lair:1   | Received a gift from Trog
 11247 | Lair:1   | Noticed an oklob plant
 11408 | Lair:2   | Found a transporter.
 11434 | Lair:2   | Found a transporter.
 11486 | Lair:2   | Reached XP level 12. HP: 105/110 MP: 9/11
 11505 | Lair:2   | Got a heavily runed chain mail
 11833 | Lair:2   | Reached skill level 10 in Dodging
 11867 | Lair:2   | Identified the cursed +0 chain mail of the Pit {rCorr Str+2
                  | Stlth-} (You found it on level 2 of the Lair of Beasts)
 11891 | Lair:2   | You fall through a shaft for 2 floors!
 12301 | Lair:4   | Reached skill level 15 in Axes
 12463 | Lair:3   | Noticed a five-headed hydra
 12469 | Lair:3   | Killed a five-headed hydra
 12597 | Lair:3   | You fall through a shaft for 3 floors!
 12597 | Lair:6   | Entered Level 6 of the Lair of Beasts
 12597 | Lair:6   | Noticed an eight-headed hydra
 12601 | Lair:6   | Killed an eight-headed hydra
 12618 | Lair:6   | Noticed a death yak
 12619 | Lair:6   | Noticed a death yak
 12620 | Lair:6   | Noticed a death yak
 12620 | Lair:6   | Noticed a death yak
 12621 | Lair:6   | Noticed a death yak
 12623 | Lair:6   | Killed a death yak
 12657 | Lair:6   | Found a viscous altar of Jiyva.
 12657 | Lair:6   | Found a staircase to the Slime Pits.
 12863 | Lair:5   | Received a gift from Trog
 13087 | Lair:5   | Noticed a death yak
 13097 | Lair:5   | Killed a death yak
 13097 | Lair:5   | Reached skill level 16 in Axes
 13138 | Lair:5   | Noticed a four-headed hydra
 13143 | Lair:5   | Killed a four-headed hydra
 13549 | Lair:5   | Reached XP level 13. HP: 118/118 MP: 12/12
 14467 | Lair:6   | Slain by a death yak

Skill      XL: |  1  2  3  4  5  6  7  8  9 10 11 12 |
---------------+-------------------------------------+-----
Axes           | 4 5 7 9 11 12 14 16 | 16.9
Fighting       | 4 5 6 7 8 9 11 12 | 12.8
Armour         | 3 4 5 6 8 9 10 12 | 12.6
Dodging        | 3 4 6 7 8 9 11 | 11.6

Action                   |  1- 3 |  4- 6 |  7- 9 | 10-12 | 13-15 || total
-------------------------+-------+-------+-------+-------+-------++-------
Melee: Hand axe          |    60 |    75 |   279 |   248 |       ||   662
       Headbutt          |     9 |    15 |    51 |    88 |    10 ||   173
       Maul              |       |       |       |    86 |    62 ||   148
       War axe           |       |       |       |    50 |       ||    50
Invok: Berserk           |     2 |     3 |     8 |    11 |     2 ||    26
       Trog's Hand       |       |       |       |     3 |       ||     3
  Use: Scroll            |       |       |     8 |     9 |       ||    17
       Potion            |       |       |       |     6 |       ||     6
  Eat: Ration            |     1 |     1 |     4 |     7 |       ||    13
       Chunk             |     1 |     1 |    10 |     7 |     4 ||    23
Armor: Animal skin       |     3 |     8 |       |       |       ||    11
       Ring mail         |       |     4 |   102 |     7 |       ||   113
       Chain mail        |       |       |       |   287 |    85 ||   372
       Scale mail        |       |       |       |    57 |       ||    57
Dodge: Dodged            |    23 |    57 |   159 |   403 |   100 ||   742
